 Dungeon Crawl Stone Soup version 0.27-a0-54-g64bdb92e38 (webtiles) character file.

Game seed: 9535413908604586532

3798 jestyr24 the Basher (level 9, -4/81 HPs)
             Began as a Minotaur Fighter on Jan 7, 2021.
             Was a Follower of Qazlal.
             Slain by an unseen horror (8 damage)
             ... on level 12 of the Dungeon on Jan 8, 2021.
             The game lasted 00:37:52 (8342 turns).

jestyr24 the Basher (Minotaur Fighter)              Turns: 8342, Time: 00:37:53

Health: -4/81      AC: 11    Str: 24    XL:     9   Next: 96%
Magic:  8/8        EV: 11    Int:  5    God:    Qazlal [*.....]
Gold:   247        SH: 13    Dex: 10    Spells: 8/8 levels left

rFire    . . .     SeeInvis .   k - +3 mace (protect)
rCold    + . .     Faith    .   c - +1 kite shield
rNeg     . . .     Spirit   .   u - +2 ring mail {rC+}
rPois    .         Reflect  .   (helmet restricted)
rElec    .         Harm     .   v - +0 cloak
rCorr    .         Rampage  .   (no gloves)
Will     .....                  L - +0 pair of boots
Stlth    +.........             (no amulet)
HPRegen  0.23/turn              (no ring)
MPRegen  0.11/turn              (no ring)

@: no status effects
A: retaliatory headbutt, horns 2
a: Renounce Religion


You were on level 12 of the Dungeon.
You worshipped Qazlal.
Qazlal was aware of your devotion.
You visited 2 branches of the dungeon, and saw 11 of its levels.
You also visited: Sewer.

You collected 247 gold pieces.

Inventory:

Hand Weapons
 j - a +0 hand axe of flaming
 k - a +3 mace of protection (weapon)
 r - a +3 quarterstaff of chaos
 t - a +5 club
 x - a +0 morningstar
 y - a +3 short sword of draining
Missiles
 b - 8 javelins
 g - 262 stones
 l - 29 poisoned darts
 q - 21 boomerangs (quivered)
Armour
 c - a +1 kite shield (worn)
 n - a +0 plate armour
 u - a +2 ring mail of cold resistance (worn)
 v - a +0 cloak (worn)
 K - a +1 ring mail of willpower
 L - a +0 pair of boots (worn)
Jewellery
 M - a cursed ring of fire
Wands
 s - a wand of flame (17)
 w - a wand of disintegration (13)
Scrolls
 a - 2 scrolls of noise {unknown}
 e - 11 scrolls of remove curse
 f - 6 scrolls of fear
 i - 8 scrolls of identify
 o - 2 scrolls of enchant armour
 p - 3 scrolls of enchant weapon
 C - 5 scrolls of teleportation
 E - a scroll of random uselessness {unknown}
 H - a scroll of magic mapping {unknown}
 J - 2 scrolls of fog {unknown}
Potions
 d - a potion of might
 h - a potion of invisibility {unknown}
 m - 4 potions of curing {unknown}
 z - a potion of brilliance {unknown}
 A - a potion of mutation {unknown}
 B - a potion of cancellation {unknown}
 D - 3 potions of heal wounds {unknown}
 F - 2 potions of lignification {unknown}
 G - 3 potions of magic {unknown}
 I - 2 potions of attraction {unknown}


   Skills:
 * Level 8.0 Fighting
 - Level 4.4(8.1) Axes
 * Level 10.5(10.9) Maces & Flails
 + Level 7.4 Armour
 + Level 4.7 Dodging
 - Level 1.0 Stealth
 + Level 7.4 Shields


You had 8 spell levels left.
You didn't know any spells.
Your spell library contained the following spells:

 Spells                   Type           Power        Failure   Level
 Animate Skeleton         Necr           0%           91%         1
 Apportation              Tloc           0%           91%         1
 Corona                   Hex            0%           91%         1
 Foxfire                  Conj/Fire      0%           91%         1
 Shock                    Conj/Air       0%           91%         1
 Summon Small Mammal      Summ           0%           91%         1
 Conjure Flame            Conj/Fire      0%           99%         3
 Inner Flame              Hex/Fire       0%           99%         3
 Summon Guardian Golem    Hex/Summ       0%           99%         3
 Sticky Flame             Conj/Fire      0%           100%        4
 Fireball                 Conj/Fire      0%           100%        5
 Lightning Bolt           Conj/Air       0%           100%        5
 Summon Mana Viper        Hex/Summ       0%           100%        5


Dungeon Overview and Level Annotations

Branches:
Dungeon (9/15)             Temple (1/1) D:7           Sewer (visited)
   Lair: D:8-11         Orc: D:9-12

Altars:
Ashenzari
Cheibriados
Dithmenos
Elyvilon
Fedhas
Gozag
Kikubaaqudgha
Makhleb
Nemelex Xobeh
Okawaru
Qazlal
Ru
Sif Muna
Trog
Uskayaw
Vehumet
Wu Jian
Xom
Yredelemnul
Zin
The Shining One

Shops:
D:2 *   D:5 *   D:8 :=


Innate Abilities, Weirdness & Mutations

You reflexively headbutt those who attack you in melee.
You have a pair of horns on your head.


Message History

You sock the white ugly thing! You headbutt the white ugly thing!
You kill the white ugly thing!
Qazlal accepts your kill. You block something's attack.
Your Fighting skill increases to level 8!
Something hits you but does no damage.
You see here an ugly thing corpse.
Something hits you but does no damage. You block something's attack.
You start resting.
Something hits you!
* * * LOW HITPOINT WARNING * * *
Something hits you but does no damage.
You miss something. You headbutt something.
Something hits you but does no damage.
You closely miss something. Something hits you.
* * * LOW HITPOINT WARNING * * *
A yak comes into view. x2
You block something's attack. Something hits you but does no damage.
Something hits you!
You die...

####..........#
#....>........#
..............
.............
...........# ##
...>......##..# #
.............)#..#
#..@.†##......
#.............
......###........
....... .........
....... ..........
.........$........
..................
..........Y...###.
.#...Y...##


There were no monsters in sight!

Vanquished Creatures
  An ugly thing (D:12)
  Psyche (D:8)
  Maggie (D:7)
  Joseph (D:8)
  A komodo dragon (D:9)
  Sigmund (D:3)
  Menkaure (D:7)
  Duvessa (D:4)
  A water moccasin (D:9)
  An orc warrior (D:9)
  A phantom (D:7)
  2 ogres
  A big kobold (D:7)
  3 bullfrogs
  A wyvern zombie (D:9)
  Dowan (D:4)
  A scorpion (D:7)
  2 howler monkeys (D:5)
  A quasit (D:8)
  2 hounds
  A centaur skeleton (D:7)
  3 orc priests
  2 orc wizards
  Crazy Yiuf (D:3)
  2 bullfrog skeletons
  Ijyb (D:3)
  Terence (D:2)
  5 worker ants
  2 iguanas
  Robin (D:2)
  A worker ant zombie (D:7)
  3 gnolls (D:6)
  9 adders
  A howler monkey skeleton (D:3)
  A river rat (D:6)
  3 shadow imps
  A white imp (D:7)
  2 oozes (D:4)
  2 worms (D:6)
  A dart slug (D:1)
  7 leopard geckos
  28 orcs
  11 bats
  6 giant cockroaches
  12 goblins
  12 hobgoblins
  16 jackals
  A quokka (D:6)
  8 ball pythons
  6 frilled lizards
  18 kobolds
  5 rats
198 creatures vanquished.

Vanquished Creatures (others)
  37 fungi (D:9)
  52 plants
89 creatures vanquished.

Grand Total: 287 creatures vanquished

Notes
Turn   | Place    | Note
-------+----------+-------------------------------------------
     0 | D:1      | jestyr24 the Minotaur Fighter began the quest for the Orb.
     0 | D:1      | Reached XP level 1. HP: 19/19 MP: 0/0
   189 | D:1      | Reached XP level 2. HP: 24/27 MP: 1/1
  1045 | D:2      | Reached XP level 3. HP: 33/33 MP: 2/2
  1092 | D:2      | Reached skill level 1 in Dodging
  1099 | D:2      | Noticed Terence
  1110 | D:2      | Killed Terence
  1130 | D:2      | Reached XP level 4. HP: 31/40 MP: 3/3
  1261 | D:2      | Noticed Robin
  1277 | D:2      | Killed Robin
  1807 | D:2      | Found an opulent altar of Gozag.
  1808 | D:2      | Found Gozag's Platinum Reserve.
  1824 | D:2      | Reached XP level 5. HP: 43/46 MP: 4/4
  1841 | D:2      | Found a shadowy altar of Dithmenos.
  1842 | D:2      | Found an iron altar of Okawaru.
  1844 | D:2      | Found a hide-covered altar of Uskayaw.
  2004 | D:2      | Found a faded altar of an unknown god.
  2093 | D:2      | Found a burning altar of Makhleb.
  2281 | D:3      | Noticed Ijyb
  2301 | D:3      | Killed Ijyb
  2302 | D:3      | Reached skill level 5 in Armour
  2637 | D:3      | Found a blossoming altar of Fedhas.
  2704 | D:3      | Found a runed translucent door.
  2705 | D:3      | Noticed Crazy Yiuf
  2709 | D:3      | Killed Crazy Yiuf
  2855 | D:3      | Noticed Sigmund
  2867 | D:3      | Killed Sigmund
  2868 | D:3      | Reached skill level 1 in Maces & Flails
  2868 | D:3      | Reached XP level 6. HP: 37/55 MP: 5/5
  2871 | D:3      | Reached skill level 5 in Fighting
  3107 | D:4      | Noticed Dowan
  3108 | D:4      | Noticed Duvessa
  3119 | D:4      | Killed Duvessa
  3120 | D:4      | Reached skill level 2 in Maces & Flails
  3132 | D:4      | Killed Dowan
  3133 | D:4      | Reached XP level 7. HP: 21/61 MP: 6/6
  3401 | D:4      | Reached skill level 5 in Shields
  3690 | D:4      | Reached skill level 3 in Maces & Flails
  4152 | D:5      | Entered Level 5 of the Dungeon
  4239 | D:5      | Identified Sif Muna's Incunabulum of Hurtful Companions
  4613 | D:5      | Found Demnofepif's Assorted Antiques.
  4757 | D:5      | Found a shimmering blue altar of Sif Muna.
  4949 | D:5      | Reached skill level 4 in Maces & Flails
  5475 | D:6      | Reached XP level 8. HP: 57/70 MP: 7/7
  5578 | D:6      | Reached skill level 5 in Maces & Flails
  5805 | D:6      | Found a glowing drain.
  5809 | Sewer    | Entered a sewer
  6674 | D:7      | Noticed Maggie
  6691 | D:7      | Killed Maggie
  6692 | D:7      | Reached skill level 6 in Maces & Flails
  6885 | D:7      | Found a staircase to the Ecumenical Temple.
  6909 | Temple   | Entered the Ecumenical Temple
  7018 | Temple   | Became a worshipper of Qazlal Stormbringer
  7111 | D:7      | Reached skill level 7 in Maces & Flails
  7581 | D:7      | Found a basalt altar of Yredelemnul.
  7581 | D:7      | Found a radiant altar of Vehumet.
  7587 | D:7      | Found a shimmering altar of Xom.
  7589 | D:7      | Found an ornate altar of the Wu Jian Council.
  7590 | D:7      | Found a sacrificial altar of Ru.
  7671 | D:7      | Found an opulent altar of Gozag.
  7675 | D:7      | Noticed Menkaure
  7682 | D:7      | Killed Menkaure
  7683 | D:7      | Reached XP level 9. HP: 70/78 MP: 8/8
  7808 | D:7      | Reached skill level 1 in Stealth
  7873 | D:8      | Found Cirghodom's Jewellery Boutique.
  7873 | D:8      | Noticed Joseph
  7887 | D:8      | Killed Joseph
  7888 | D:8      | Reached skill level 8 in Maces & Flails
  7915 | D:8      | Found Aprug's Book Emporium.
  7977 | D:8      | Noticed Psyche
  7990 | D:8      | Killed Psyche
  7991 | D:8      | Reached skill level 9 in Maces & Flails
  8107 | D:8      | You fall into a shaft and drop 1 floor!
  8164 | D:9      | Reached * piety under Qazlal
  8299 | D:9      | Noticed a komodo dragon
  8302 | D:9      | Found an opulent altar of Gozag.
  8312 | D:9      | Killed a komodo dragon
  8313 | D:9      | Reached skill level 10 in Maces & Flails
  8320 | D:9      | You fall into a shaft and drop 3 floors!
  8321 | D:12     | Noticed a white ugly thing
  8334 | D:12     | Killed a white ugly thing
  8339 | D:12     | HP: 3/81 [something (4)]
  8342 | D:12     | Slain by an unseen horror

Illustrated notes

Levels and vault maps discovered:
D:1:      dpeg_arrival_radiant, layout_basic
D:2:      kennysheep_big_flooded_room, layout_basic, lightli_temple_of_fire,
          chequers_temple_overflow_statue_of_worship,
          chequers_ecumenical_altar_grove, nicolae_gozag_zags_fifth_avenue,
          uniq_terence, uniq_robin
D:3:      layout_basic, fedhas_altar_4, uniq_sigmund, uniq_ijyb,
          uniq_crazy_yiuf_cottage
D:4:      layout_basic, minmay_goblin_kobold_house, uniq_duvessa
D:5:      layout_cave_pods, led_sif_book, serial_shops, shop
D:6:      layout_rooms, gup_sewer_entry_spiral
D:7:      layout_rooms, chequers_temple_overflow_minitemple,
          minmay_temple_entry_drinking_statues, basic_altar,
          kennysheep_generic_room_3, uniq_menkaure, uniq_maggie
D:8:      layout_loops_ring, marbit_many_paths, serial_shops,
          nicolae_shop_temple_entry_statues_fountains, kennysheep_mini,
          nicolae_shop_overgrown_old_shop, nicolae_shop_trees, shop,
          biasface_ghost_orc_armoury, uniq_joseph, uniq_psyche
D:9:      layout_loops_ring, overflow_temple_1_default,
          due_lair_maze_entry_diamond, amcnicky_mini_rare_corridor_liquid
D:12:     layout_cave_pools
Temple:   kb_temple_of_zot

Skill      XL: |  1  2  3  4  5  6  7  8  9 |
---------------+----------------------------+-----
Fighting       | 4 5 6 8 |  8.0
Armour         | 4 5 6 7 |  7.4
Shields        | 4 5 6 7 |  7.4
Dodging        | 1 2 4 |  4.7
Axes           | 3 4 |  4.4
Maces & Flails | 1 2 4 7 10 | 10.5
Stealth        | 1 |  1.0

Action                   |  1- 3 |  4- 6 |  7- 9 || total
-------------------------+-------+-------+-------++-------
Melee: War axe           |    66 |    81 |       ||   147
       Headbutt          |     5 |    18 |    77 ||   100
       Club              |       |    51 |    99 ||   150
       Mace              |       |       |   315 ||   315
  Use: Scroll            |       |       |     6 ||     6
Armor: Scale mail        |    49 |    32 |       ||    81
       Ring mail         |       |    34 |   127 ||   161
Dodge: Dodged            |    28 |    44 |   135 ||   207
Block: Kite shield       |    44 |    66 |   214 ||   324

Table legend: (Time is in decaauts)
 A = Elapsed time spent in this place.
 B = Non-inter-level travel time spent in this place.
 C = Inter-level travel time spent in this place.
 D = Time resting spent in this place.
 E = Time spent auto-exploring this place.
 F = Levels seen in this place.
 G = Mean time per level.
                   A        B        C        D        E       F      G
               +--------+--------+--------+--------+--------+-----+--------+
         Total |   8642 |   8125 |    517 |   1314 |   4055 |  12 |  720.2 |
       Dungeon |   7757 |   7289 |    468 |   1314 |   3482 |  10 |  775.7 |
        Temple |    141 |     92 |     49 |      0 |     81 |   1 |  141.0 |
         Sewer |    743 |    743 |      0 |      0 |    491 |   1 |  743.0 |
               +--------+--------+--------+--------+--------+-----+--------+

Top non-repeatable levels by time:
     D:2: 1223 daAuts
     D:4: 1063 daAuts
     D:5: 1062 daAuts
     D:7: 1034 daAuts
     D:1: 980 daAuts
     D:3: 960 daAuts
     D:6: 935 daAuts
   Sewer: 743 daAuts
     D:8: 266 daAuts
     D:9: 210 daAuts
  Temple: 141 daAuts
    D:12: 20 daAuts
